 Dungeon Crawl Stone Soup version 0.31.0-32-g396128a36d (webtiles) character file.

Game seed: 904664075026158148

949 firemarshallily the Covered (level 7, -1/62 HPs)
             Began as an Armataur Fighter on Mar 15, 2024.
             Was an Initiate of the Shining One.
             Killed by divine providence
             ... invoked by an orc priest
              (13 damage)
             ... on level 5 of the Dungeon.
             The game lasted 00:11:08 (4478 turns).

firemarshallily the Covered (Armataur Fighter)      Turns: 4478, Time: 00:11:09

Health: -1/62      AC:  8    Str: 23    XL:     7   Next: 90%
Magic:  7/7        EV:  7    Int:  9    God:    the Shining One [......]
Gold:   192        SH:  9    Dex:  9    Spells: 6/6 levels left

rFire   + . .        w - +2 morningstar (heavy)
rCold   + . .        c - +0 buckler
rNeg    . . .        b - +0 scale mail
rPois   +            (no helmet)
rElec   +            (no cloak)
rCorr   +            s - +0 pair of gloves
SInv    .            (no barding)
Will    .....        y - amulet of reflection Stlth
                     (no ring)
HPRegen 0.95/turn    (no ring)
MPRegen 0.43/turn

%: reflection, roll
@: resistant, glowing, invisible (but backlit and visible)
A: large, deformed body, tough skin 3, armoured tail, roll 2
a: Renounce Religion


You were on level 5 of the Dungeon.
You worshipped the Shining One.
The Shining One was noncommittal.
You visited 2 branches of the dungeon, and saw 6 of its levels.

You collected 192 gold pieces.

Inventory:

Hand Weapons
 a - a +0 flail
 w - a +2 heavy morningstar (weapon)
Missiles
 k - 6 poisoned darts
 n - 4 javelins (quivered)
Armour
 b - a +0 scale mail (worn)
 c - a +0 buckler (worn)
 s - a +0 pair of gloves (worn)
Jewellery
 l - a ring of ice
 y - an amulet of reflection (around neck)
Wands
 r - a wand of charming (10)
Scrolls
 e - 2 scrolls of teleportation {unknown}
 f - 2 scrolls of amnesia {unknown}
 g - 5 scrolls of identify {unknown}
 j - a scroll of silence {unknown}
 m - a scroll of immolation {unknown}
 o - a scroll of enchant weapon {unknown}
 p - 2 scrolls of revelation {unknown}
 u - a scroll of noise {unknown}
 v - a scroll of blinking {unknown}
 x - a scroll of fear {unknown}
Potions
 d - a potion of might
 h - a potion of lignification {unknown}
 i - a potion of attraction {unknown}
 q - a potion of degeneration {unknown}
 A - a potion of haste {unknown}
 B - a potion of enlightenment {unknown}


   Skills:
 * Level 5.7 Fighting
 * Level 4.6 Maces & Flails
 + Level 5.8 Armour
 + Level 5.2 Shields


You had 6 spell levels left.
You didn't know any spells.
Your spell library contained the following spells:

 Spells                   Type           Power      Damage    Failure   Level
 Lesser Beckoning         Tloc           0%         N/A       86%         2
 Gell's Gravitas          Tloc           0%         N/A       98%         3
 Hailstorm                Conj/Ice       0%         3d5       98%         3
 Summon Ice Beast         Ice/Summ       0%         N/A       98%         3
 Teleport Other           Tloc           0%         N/A       98%         3
 Sculpt Simulacrum        Ice/Alch       0%         N/A       100%        6


Dungeon Overview and Level Annotations

Branches:
Dungeon (5/15)             Temple (1/1) D:4

Altars:
Ashenzari
Cheibriados
Elyvilon
Fedhas
Hepliaklqana
Nemelex Xobeh
Ru
Sif Muna
Uskayaw
Vehumet
Wu Jian
Xom
Yredelemnul
Zin
The Shining One


Innate Abilities, Weirdness & Mutations

Armour fits poorly on your strangely shaped body.
You have extremely tough skin. (AC +3)
You have a long armoured tail.
You regenerate magic and health when rolling toward enemies. (Rampage Regen)


Message History

The hound bites you but does no damage.
The orc priest calls down the wrath of Beogh upon you.
Beogh smites you! You block the hound's attack.
You block the orc priest's attack.
You hit the hound.
The hound is moderately wounded.
The hound stops to sniff the ground.
The hound closely misses you. The hound bites you.
The orc priest hits you but does no damage.
The hound bites you but does no damage. You block the orc priest's attack.
You impale the hound!!
You kill the hound!
You block the water moccasin's attack.
The orc priest hits you from afar with a +0 trident.
The water moccasin barely misses you.
The orc priest mumbles some strange prayers to Beogh against you.
Beogh smites you!
You closely miss the water moccasin.
The water moccasin bites you but does no damage.
The water moccasin bites you!
* * * LOW HITPOINT WARNING * * *
You are poisoned.
The water moccasin poisons you! You block the orc priest's attack.
You block the water moccasin's attack.
The orc priest mumbles some strange prayers to Beogh against you.
Beogh smites you!
* * * LOW HITPOINT WARNING * * *
You feel better. You block the water moccasin's attack.
The orc priest hits you from afar with a +0 trident.
* * * LOW HITPOINT WARNING * * *
It was a potion of resistance.
You feel protected. You block the water moccasin's attack.
The water moccasin closely misses you. The orc priest barely misses you.
It was a potion of invisibility.
You become transparent, but the glow from your halo prevents you from becoming completely invisible.
The water moccasin bites you but does no damage.
The orc priest invokes the aid of Beogh against you.
Beogh smites you!
You die...

.........
.#######...$.....# >#
#.........### .#
#........... .#####
.........# .....#
#.......# ### .....#
#...... #...#
.....#####....####S..#.#
.....'...+......@Soo....
.....#####....####o###.#
.....# #.#### #
.....#####.#######
..................
.###.#####.#######
..........†.......
.).........#######
.#########.#####


You could see a water moccasin, an orc priest, an adder and 2 orcs.

Vanquished Creatures
  Grinder (D:3)
  A water moccasin (D:5)
  An ogre (D:4)
  A phantom (D:5)
  2 scorpions (D:5)
  A bombardier beetle (D:4)
  A hound (D:5)
  2 orc priests
  An iguana (D:4)
  4 orc wizards
  5 adders
  A white imp (D:5)
  3 ribbon worms
  2 dart slugs
  11 orcs
  6 ball pythons
  4 endoplasms
  4 giant cockroaches
  9 goblins
  2 hobgoblins
  4 jackals (D:1)
  6 kobolds
  2 quokkas
  4 bats
  6 frilled lizards
  4 rats
88 creatures vanquished.

Notes
Turn   | Place    | Note
-------+----------+-------------------------------------------
     0 | D:1      | firemarshallily the Armataur Fighter began the quest for
                  | the Orb.
     0 | D:1      | Reached XP level 1. HP: 18/18 MP: 1/1
   203 | D:1      | Reached XP level 2. HP: 23/25 MP: 2/2
  1119 | D:2      | Reached XP level 3. HP: 31/31 MP: 3/3
  2088 | D:3      | Found an ornate altar of the Wu Jian Council.
  2100 | D:3      | Noticed Grinder
  2115 | D:3      | Paralysed by Grinder for 5 turns
  2126 | D:3      | Paralysed by Grinder for 3 turns
  2133 | D:3      | Paralysed by Grinder for 4 turns
  2144 | D:3      | Killed Grinder
  2145 | D:3      | Reached XP level 4. HP: 28/41 MP: 4/4
  2145 | D:3      | Reached XP level 5. HP: 32/47 MP: 5/5
  2977 | D:4      | Reached XP level 6. HP: 43/53 MP: 6/6
  3018 | D:4      | Found a radiant altar of Vehumet.
  3040 | D:4      | Reached skill level 5 in Armour
  3252 | D:4      | Found a staircase to the Ecumenical Temple.
  3261 | Temple   | Entered the Ecumenical Temple
  3737 | D:4      | Found a white marble altar of Elyvilon.
  3737 | D:4      | Found a glowing golden altar of the Shining One.
  3737 | D:4      | Found a glowing silver altar of Zin.
  3769 | D:4      | Gained mutation: You regenerate magic and health when
                  | rolling toward enemies. (Rampage Regen) [Armataur growth]
  3769 | D:4      | Reached XP level 7. HP: 60/60 MP: 7/7
  3797 | D:4      | Became a worshipper of the Shining One
  3854 | D:4      | Reached skill level 5 in Fighting
  3980 | D:5      | Entered Level 5 of the Dungeon
  4212 | D:5      | Reached skill level 5 in Shields
  4478 | D:5      | Killed from afar by an orc priest

Illustrated notes

Levels and vault maps discovered:
D:1:      dpeg_arrival_stonehenge_12_columns, layout_basic,
          minmay_misc_feat_cross
D:2:      layout_basic
D:3:      minmay_general_purpose_star, layout_basic,
          nicolae_wu_jian_wuxing_cycle, serial_bayou, serial_bayou_ford_a,
          serial_bayou_shore_a, serial_bayou_lake_a, serial_bayou_shore_b,
          uniq_grinder
D:4:      layout_basic, dreamdust_divine_triumvirate, old_standard_altar,
          minmay_temple_entry_arrows, minmay_misc_feat_nine_boxes
D:5:      layout_basic, grunt_ministairs_15, st_stairs_10
Temple:   nicolae_temple_two_arcs

Skill      XL: |  1  2  3  4  5  6  7 |
---------------+----------------------+-----
Fighting       | 3 4 5 |  5.7
Maces & Flails | 2 3 4 |  4.6
Armour         | 4 5 |  5.8
Shields        | 4 5 |  5.2

Action                     |  1- 3 |  4- 6 |  7- 9 || total
---------------------------+-------+-------+-------++-------
  Melee: Flail             |   153 |    10 |       ||   163
         Tailslap          |    12 |     5 |     2 ||    19
         Morningstar       |       |    77 |    54 ||   131
    Use: Potion            |     1 |     4 |     3 ||     8
 Armour: Scale mail        |   126 |    98 |    58 ||   282
  Dodge: Dodged            |    70 |    27 |    16 ||   113
  Block: Buckler           |    24 |    51 |    42 ||   117
         Reflection        |       |     1 |     1 ||     2
